Map: Dusk Towers

Players

Lambo

  • Race: Zerg Zerg
  • League: Grandmaster

Solar - Winner!

  • Race: Zerg Zerg
  • League: Gold

Event: DreamHack ROCCAT LotV Championship

VOD

Have the link to the VOD?

Description

Time

  • Played on: Nov. 26, 2015, 9:27 a.m.
  • Length: 10:28

All games in this series

Show
View Real Time Build Order
Export as new Build Order

Lambo Zerg 

Build Orders: Hatch First 

Get SALT Encoding   

  12  0:01  Drone  
  13  0:12  Overlord  
  13  0:17  Drone  
  14  0:30  Drone  
  14  0:31  Drone  
  14  0:35  Drone  
  17  0:52  Hatchery  
  17  0:54  Drone  
  17  1:10  Spawning Pool  
  16  1:11  Drone  
  16  1:15  Drone  
  18  1:34  Hatchery  
  18  1:37  Drone  
  18  1:40  Drone  
  18  1:43  Drone  
  20  1:50  Extractor  
  19  1:57  Queen  
  21  2:03  Queen  
  21  2:06  Zergling x2  
  24  2:09  Drone  
  24  2:12  Drone  
  26  2:18  Overlord  
  26  2:24  Drone  
  26  2:25  Drone  
  28  2:38  Drone x2  
  28  2:39  Queen  
  32  2:46  Drone  
  32  2:47  Drone x2  
  32  2:50  Drone  
  36  2:57  Roach Warren  
  35  2:59  Drone  
  35  3:01  Drone  
  37  3:08  Overlord  
  37  3:09  Drone  
  37  3:10  Drone  
  39  3:19  Drone x3  
  41  3:25  Queen  
  43  3:30  Overlord  
  43  3:31  Drone x2  
  45  3:38  Roach x2  
  49  3:45  Evolution Chamber  
  49  3:46  Overlord  
  48  3:49  Overlord  
  48  4:06  Drone x3  
  48  4:07  Drone  
  48  4:08  Roach x3  
  48  4:09  Drone x2  
  60  4:15  Drone x3  
  63  4:18  Extractor  
  63  4:21  Lair  
  63  4:23  Zerg Missile Weapons Level 1, Drone x4  
  66  4:26  Drone  
  66  4:27  Extractor  
  66  4:28  Extractor  
  65  4:33  Drone x4  
  69  4:42  Drone x4, Extractor  
  72  4:45  Overlord  
  73  4:52  Drone  
  73  4:53  Drone, Extractor  
  73  4:55  Overlord  
  73  4:59  Overlord  
  73  5:03  Drone  
  73  5:05  Overlord  
  74  5:07  Drone x4  
  74  5:12  Drone x3  
  74  5:13  Ravager  
  82  5:14  Ravager  
  82  5:16  Roach  
  82  5:19  Hatchery, Glial Reconstitution  
  82  5:21  Overseer  
  84  5:22  Drone  
  84  5:23  Drone x2  
  87  5:32  Roach x4  
  95  5:46  Roach x5  
  95  5:49  Overlord  
  105  5:52  Drone  
  105  5:56  Overlord x3  
  106  6:01  Overlord  
  106  6:03  Overlord  
  106  6:04  Overlord  
  106  6:14  Roach  
  106  6:15  Roach x5  
  118  6:20  Ravager x3  
  118  6:21  Ravager x4  
  118  6:23  Roach x6  
  137  6:28  Roach x3  
  143  6:37  Roach  
  143  6:38  Roach x5  
  155  6:42  Roach  
  157  6:47  Zerg Missile Weapons Level 2  
  157  6:49  Roach  
  159  6:54  Overlord  
  159  6:58  Overlord  
  159  7:01  Overlord  
  159  7:05  Overlord  
  159  7:07  Overlord  
  159  7:12  Overlord  
  159  7:13  Overlord  
  159  7:14  Roach x4  
  159  7:15  Overlord  
  167  7:18  Overlord  
  167  7:23  Roach x8  
  167  7:27  Ravager x4  
  187  7:32  Overlord  
  187  7:33  Roach x3  
  193  7:37  Roach x3  
  199  7:48  Overlord  
  199  7:56  Overlord  
  199  8:04  Roach x9  
  199  8:05  Roach x2  
  196  8:10  Roach  
  182  8:15  Roach x6  
  182  8:17  Ravager x3  
  195  8:21  Roach  
  195  8:22  Roach  
  195  8:26  Overlord  
  186  8:40  Roach x8  
  186  8:41  Roach x3  
  182  8:44  Ravager  
  182  8:45  Ravager  
  182  8:46  Roach  
  183  8:50  Roach x2  
  183  8:53  Roach x2  
  191  8:59  Roach x3  
  191  9:00  Roach  
  186  9:10  Roach  
  186  9:11  Roach x4  
  186  9:14  Roach  
  186  9:15  Roach x4  
  155  9:20  Roach x4  
  151  9:26  Roach x4  
  151  9:30  Roach x2  
  160  9:34  Roach x2  
  164  9:38  Overlord  
  164  9:39  Roach x2  
  164  9:44  Roach x3  
  174  9:50  Roach  
  174  9:51  Roach x4  
  170  10:00  Roach x4  
  170  10:07  Roach x4  
Show
View Real Time Build Order
Export as new Build Order

Solar Zerg - Winner!

Build Orders: 3 Hatch before Pool 

Get SALT Encoding   

  12  0:02  Drone  
  13  0:12  Overlord  
  13  0:18  Drone  
  14  0:31  Drone x2  
  14  0:35  Drone  
  17  0:51  Hatchery  
  17  0:55  Drone  
  17  0:57  Drone  
  18  1:17  Hatchery  
  17  1:20  Drone  
  17  1:23  Drone  
  19  1:26  Extractor  
  18  1:38  Spawning Pool  
  17  1:40  Drone  
  17  1:44  Drone  
  19  1:50  Drone  
  20  2:01  Drone  
  21  2:03  Drone  
  22  2:11  Drone  
  23  2:21  Overlord  
  23  2:24  Queen x2  
  23  2:28  Zergling x2  
  28  2:32  Metabolic Boost  
  28  2:38  Queen  
  28  2:41  Drone  
  31  2:44  Drone  
  31  2:50  Baneling Nest  
  31  2:52  Drone  
  31  2:54  Drone  
  31  2:56  Drone  
  34  3:00  Drone  
  34  3:04  Zergling x2  
  34  3:05  Drone  
  37  3:08  Drone  
  37  3:10  Zergling x2  
  39  3:13  Drone  
  39  3:16  Overlord  
  40  3:20  Overlord  
  40  3:23  Drone  
  40  3:26  Zergling x2  
  42  3:32  Overlord  
  42  3:35  Drone x4  
  42  3:38  Overlord  
  46  3:41  Zergling x2  
  46  3:43  Baneling  
  46  3:45  Drone, Baneling  
  48  3:49  Overlord  
  48  3:53  Drone x3  
  51  3:57  Drone x2  
  51  4:01  Drone  
  54  4:04  Roach Warren  
  54  4:05  Drone  
  54  4:06  Drone  
  54  4:09  Extractor  
  53  4:11  Lair  
  53  4:13  Drone  
  53  4:15  Drone x2  
  56  4:18  Drone  
  56  4:19  Drone  
  56  4:20  Drone  
  56  4:23  Evolution Chamber  
  57  4:24  Drone  
  57  4:25  Extractor  
  57  4:26  Drone  
  57  4:28  Drone  
  57  4:29  Drone  
  57  4:30  Drone, Extractor  
  60  4:33  Drone x2  
  60  4:35  Drone  
  60  4:36  Drone  
  60  4:38  Drone x2  
  65  4:41  Drone  
  65  4:43  Overlord  
  65  4:45  Drone x2  
  69  4:48  Overlord  
  69  4:51  Roach  
  69  4:52  Roach  
  73  4:55  Zerg Missile Weapons Level 1  
  73  4:57  Drone  
  74  5:00  Extractor  
  74  5:03  Drone x3  
  74  5:04  Drone  
  74  5:05  Drone, Extractor  
  74  5:06  Drone  
  78  5:08  Drone x2  
  78  5:09  Overlord  
  78  5:10  Roach  
  78  5:12  Overseer  
  82  5:14  Glial Reconstitution  
  82  5:16  Roach  
  82  5:17  Roach  
  82  5:20  Roach  
  87  5:25  Roach  
  87  5:28  Overlord x2  
  89  5:29  Overlord  
  89  5:34  Roach x4  
  97  5:43  Overlord  
  97  5:48  Roach x3  
  103  5:50  Overlord  
  103  5:52  Hatchery  
  103  5:54  Roach x3  
  108  5:58  Roach  
  108  6:00  Ravager x4  
  114  6:04  Roach  
  114  6:05  Roach x3  
  114  6:06  Overlord  
  114  6:08  Overlord  
  114  6:11  Ravager  
  123  6:20  Roach x2  
  123  6:21  Roach x5  
  123  6:25  Ravager  
  138  6:28  Overlord  
  138  6:29  Roach x2  
  142  6:33  Overlord  
  142  6:37  Roach x4  
  142  6:39  Overlord  
  151  6:47  Drone  
  151  6:49  Roach  
  151  6:50  Overlord  
  151  6:52  Zerg Missile Weapons Level 2  
  153  6:56  Overlord  
  153  6:59  Roach x6  
  165  7:02  Ravager x2  
  165  7:06  Roach  
  165  7:07  Roach x2  
  165  7:08  Overlord  
  173  7:13  Roach x4  
  181  7:17  Overlord  
  181  7:18  Roach x2  
  181  7:22  Roach x2  
  189  7:23  Roach x2  
  191  7:30  Roach x4  
  191  7:35  Ravager  
  191  7:36  Ravager  
  198  7:44  Ravager  
  198  7:45  Ravager  
  198  7:50  Burrow  
  198  7:51  Overlord  
  197  7:58  Ravager  
  197  8:04  Roach x2  
  182  8:10  Roach x11  
  193  8:13  Ravager  
  193  8:16  Queen  
  193  8:22  Ravager, Roach  
  193  8:23  Roach  
  198  8:28  Extractor  
  198  8:32  Extractor  
  174  8:37  Roach  
  174  8:38  Roach x10  
  174  8:40  Roach  
  161  8:43  Roach  
  161  8:46  Roach x7  
  177  8:51  Ravager  
  177  8:54  Roach x2  
  182  8:58  Roach x4  
  190  9:04  Roach x3  
  182  9:14  Roach x4  
  156  9:19  Roach x4  
  156  9:21  Roach  
  156  9:22  Roach x3  
  169  9:26  Ravager  
  169  9:27  Ravager  
  169  9:30  Ravager, Roach x28  
  169  9:31  Roach  
  180  9:33  Roach x2  
  180  9:37  Roach x2  
  188  9:39  Ravager  
  188  9:44  Roach  
  188  9:45  Roach x3  
  197  9:47  Roach  
  182  10:01  Roach  
  182  10:04  Roach x2  
  182  10:05  Roach  
  182  10:06  Roach x2  
  182  10:07  Roach x2  
  170  10:08  Roach x2  
  170  10:09  Roach x2  
  161  10:17  Ravager  
  153  10:21  Ravager  
  153  10:27  Ravager x5  

Tags
 
Add a new tag
Caveats
  • Supply blocks, unpowered buildings, or Contaminate may cause inaccurate times.
  • Supply counts are checked every 10 seconds.